[Event "ICC tourney 2530 (3 2)"]
[Site "Internet Chess Club"]
[Date "2021.04.23"]
[Round "6"]
[White "PEREZ MEZA, RODRIGO:K09-30127782"]
[Black "MATHIYAZHAGAN, ASHRITH:K09-15357100"]
[Result "1-0"]
[ICCResult "Black forfeits on time"]
[WhiteElo "1400"]
[BlackElo "1400"]
[Opening "Budapest: Adler variation"]
[ECO "A52"]
[NIC "QG.01"]
[Time "19:31:07"]
[PlyCount "49"]
[TimeControl "180+2"]

1. d4 Nf6 2. c4 e5 3. dxe5 Ng4 4. Nf3 Bc5 5. e3 Nc6 6. h3 Ngxe5 7. Nxe5
Nxe5 8. Nc3 O-O 9. Be2 d6 10. O-O Be6 11. b3 a5 12. a4 f5 13. e4 f4 14. Bf3
Qg5 15. Kh2 Nc6 16. Rg1 Bxf2 17. Rf1 Qg3+ 18. Kh1 Bd4 19. Ne2 Qh4 20. Nxd4
Bxh3 21. gxh3 Qxh3+ 22. Kg1 Qg3+ 23. Bg2 Ne5 24. Nf3 Ng4 25. Qd5+ { Black
forfeits on time } 1-0

[Event "ICC tourney 2530 (3 2)"]
[Site "Internet Chess Club"]
[Date "2021.04.23"]
[Round "6"]
[White "YANG, ANDREW:K09-16578406"]
[Black "DARSI, AKHIL:K09-30155647"]
[Result "1-0"]
[ICCResult "Black resigns"]
[WhiteElo "1400"]
[BlackElo "1400"]
[Opening "Queen's gambit accepted"]
[ECO "D20"]
[NIC "QG.03"]
[Time "19:31:49"]
[PlyCount "121"]
[TimeControl "180+2"]

1. d4 d5 2. c4 dxc4 3. e3 Nc6 4. Bxc4 Nf6 5. Nc3 e6 6. Nf3 Bd6 7. O-O e5 8.
dxe5 Nxe5 9. Nxe5 Bxe5 10. Qxd8+ Kxd8 11. Rd1+ Ke7 12. Nd5+ Nxd5 13. Bxd5
Rd8 14. Bf3 Rxd1+ 15. Bxd1 Bf5 16. f3 Rd8 17. Be2 Bd3 18. Bxd3 Rxd3 19. Kf2
f5 20. f4 Bd6 21. Ke2 Rd5 22. Bd2 h6 23. Bc3 g5 24. g3 gxf4 25. exf4 a6 26.
Rd1 Rxd1 27. Kxd1 h5 28. Ke2 b5 29. a3 c5 30. Kf3 c4 31. h3 Bc7 32. g4
fxg4+ 33. hxg4 hxg4+ 34. Kxg4 Ke6 35. f5+ Kf7 36. Kg5 a5 37. f6 b4 38. axb4
axb4 39. Bxb4 Be5 40. Bc3 Bd6 41. Kf5 Bc5 42. Ke4 Bd6 43. Kd5 Bc7 44. Kxc4
Ke6 45. b4 Be5 46. Bxe5 Kxe5 47. f7 Kf6 48. f8=Q+ Ke6 49. Qg8+ Kd6 50. Qg6+
Kc7 51. Kc5 Kd7 52. Qg7+ Ke6 53. Qg5 Kf7 54. Qe5 Kg6 55. b5 Kf7 56. Qd6 Ke8
57. Qc7 Kf8 58. Kd6 Kg8 59. Ke6 Kh8 60. b6 Kg8 61. b7 { Black resigns } 1-0

[Event "ICC tourney 2530 (3 2)"]
[Site "Internet Chess Club"]
[Date "2021.04.23"]
[Round "6"]
[White "KIM, LEO:K09-17247615"]
[Black "CHA, SAMUEL:K12-30048965"]
[Result "0-1"]
[ICCResult "White checkmated"]
[WhiteElo "1400"]
[BlackElo "1165"]
[Opening "French: Two knights variation"]
[ECO "C00"]
[NIC "FR.01"]
[Time "19:31:02"]
[PlyCount "90"]
[TimeControl "180+2"]

1. e4 e6 2. Nf3 d5 3. Nc3 Nf6 4. e5 Nfd7 5. d4 c5 6. Be3 Qb6 7. Rb1 Nc6 8.
Be2 Be7 9. O-O O-O 10. a3 a5 11. Nb5 c4 12. Nd6 Bxd6 13. exd6 Nf6 14. Ne5
Na7 15. b3 cxb3 16. Rxb3 Qxd6 17. c4 Nc6 18. c5 Qc7 19. Bf4 Bd7 20. Qb1 Qc8
21. Rxb7 Nxe5 22. Bxe5 Bc6 23. Rb6 Nd7 24. Rb3 Nxe5 25. dxe5 Qc7 26. f4 a4
27. Rb4 Rab8 28. Bd3 g6 29. h4 Rxb4 30. axb4 Ra8 31. h5 a3 32. hxg6 fxg6
33. Qa2 Qb7 34. Rb1 Bb5 35. Bxb5 Qxb5 36. Kf2 Kg7 37. g4 Qd3 38. Rb3 Qc4
39. Kg3 h5 40. g5 h4+ 41. Kxh4 Qxf4+ 42. Kh3 Rh8+ 43. Kg2 Rh2+ 44. Kg1 Rxa2
45. c6 Qc1# { White checkmated } 0-1

[Event "ICC tourney 2530 (3 2)"]
[Site "Internet Chess Club"]
[Date "2021.04.23"]
[Round "6"]
[White "RODIC, ELLIOT:K09-16510635"]
[Black "ZHU, AIDEN:K09-30141156"]
[Result "0-1"]
[ICCResult "White checkmated"]
[WhiteElo "1400"]
[BlackElo "1400"]
[Opening "Four knights game"]
[ECO "C47"]
[NIC "RG.01"]
[Time "19:31:12"]
[PlyCount "102"]
[TimeControl "180+2"]

1. e4 e5 2. Nf3 Nf6 3. Nc3 Nc6 4. d3 Bc5 5. g3 Ng4 6. Be3 Bxe3 7. fxe3 Nxe3
8. Qe2 Ng4 9. Bh3 d6 10. O-O Nf6 11. Bxc8 Qxc8 12. Ng5 O-O 13. Nd5 Nxd5 14.
exd5 Nd4 15. Qh5 h6 16. Nf3 Nxc2 17. Rac1 Nd4 18. Nxd4 exd4 19. Rf4 Qd7 20.
Rxd4 Rfe8 21. Rg4 Re5 22. Qh4 Rae8 23. Qh3 Rg5 24. Rh4 Qxh3 25. Rxh3 Rxd5
26. Rh4 Rxd3 27. Rf4 Rd2 28. Rxc7 Re1+ 29. Rf1 Rdd1 30. Rxf7 Rxf1+ 31. Rxf1
Rxf1+ 32. Kxf1 Kf7 33. Ke2 Ke6 34. Ke3 Kd5 35. Kd3 Ke5 36. Ke3 d5 37. b3
d4+ 38. Kd3 Kd5 39. h3 g6 40. g4 g5 41. a3 b6 42. a4 a5 43. Ke2 Ke4 44. Kd2
d3 45. Kd1 Ke3 46. Ke1 d2+ 47. Kd1 Kd3 48. b4 axb4 49. a5 b3 50. a6 b2 51.
a7 b1=R# { White checkmated } 0-1

[Event "ICC tourney 2530 (3 2)"]
[Site "Internet Chess Club"]
[Date "2021.04.23"]
[Round "6"]
[White "SAFRANEK, WILLIAM:K09-15106903"]
[Black "ZONG, DAVIS:K09-14980186"]
[Result "0-1"]
[ICCResult "White checkmated"]
[WhiteElo "1400"]
[BlackElo "1400"]
[Opening "Two knights defense"]
[ECO "C59"]
[NIC "KP.01"]
[Time "19:31:04"]
[PlyCount "72"]
[TimeControl "180+2"]

1. e4 e5 2. Nf3 Nc6 3. Bc4 Nf6 4. Ng5 d5 5. exd5 Na5 6. Bb5+ c6 7. dxc6
bxc6 8. Be2 h6 9. Nf3 e4 10. Ne5 Bd6 11. d4 exd3 12. Nxd3 O-O 13. O-O Qc7
14. h3 Bf5 15. Nc3 Rfe8 16. Re1 Rad8 17. b3 Nb7 18. Bb2 Nc5 19. Kh1 Nfe4
20. Nxe4 Nxe4 21. Bf3 Ng5 22. Rxe8+ Rxe8 23. Bg4 Bg6 24. f3 h5 25. Qd2 hxg4
26. Qxg5 gxf3 27. gxf3 Re2 28. Re1 Rh2+ 29. Kg1 Qb6+ 30. Re3 Rxc2 31. Kh1
Rh2+ 32. Kg1 Re2 33. Bc1 Bxd3 34. Kf1 Rxe3+ 35. Kg2 Re2+ 36. Kh1 Rh2# {
White checkmated } 0-1

[Event "ICC tourney 2530 (3 2)"]
[Site "Internet Chess Club"]
[Date "2021.04.23"]
[Round "6"]
[White "NATHAN, KAPIL:K12-15120535"]
[Black "ETHAN CHONG, JOSHUA:K09-15110220"]
[Result "0-1"]
[ICCResult "White forfeits on time"]
[WhiteElo "1400"]
[BlackElo "1400"]
[Opening "Sicilian: Kan, 5.Nc3"]
[ECO "B43"]
[NIC "SI.41"]
[Time "19:31:15"]
[PlyCount "68"]
[TimeControl "180+2"]

1. e4 c5 2. Nf3 e6 3. d4 cxd4 4. Nxd4 a6 5. Nc3 Qc7 6. Bd3 Nf6 7. O-O Bd6
8. Kh1 Nc6 9. Nxc6 dxc6 10. f4 e5 11. f5 b5 12. a4 b4 13. Nb1 c5 14. Bc4
Bb7 15. Bd5 Rd8 16. Bg5 Be7 17. Bxf6 Bxf6 18. c4 bxc3 19. Nxc3 O-O 20. Qb3
Rb8 21. Qc2 Rfd8 22. Rad1 Qb6 23. b3 Bxd5 24. Nxd5 Qa7 25. Qc4 Be7 26.
Nxe7+ Qxe7 27. Rxd8+ Rxd8 28. Qxa6 Qd7 29. Qe2 h6 30. h3 f6 31. Qg4 Qd3 32.
Qf3 Qd4 33. Kh2 Qd2 34. Rf2 Qd4 { White forfeits on time } 0-1

[Event "ICC tourney 2530 (3 2)"]
[Site "Internet Chess Club"]
[Date "2021.04.23"]
[Round "6"]
[White "ADEWUMI, TANITOLUWA:K12-16649696"]
[Black "SREEJAN BAYYARAPU, MOHIT:K09-15582120"]
[Result "0-1"]
[ICCResult "White forfeits on time"]
[WhiteElo "1400"]
[BlackElo "1400"]
[Opening "Sicilian defense"]
[ECO "B40"]
[NIC "SI.43"]
[Time "19:31:11"]
[PlyCount "84"]
[TimeControl "180+2"]

1. e4 c5 2. Nf3 e6 3. c3 d5 4. exd5 exd5 5. d4 c4 6. b3 cxb3 7. axb3 Nf6 8.
Bb5+ Nc6 9. Ne5 Bd7 10. Nxd7 Qxd7 11. Qe2+ Be7 12. Ba3 O-O 13. O-O Bxa3 14.
Nxa3 a6 15. Bd3 Rfe8 16. Qd2 Qd6 17. f3 Re7 18. Nc2 Rae8 19. Rae1 Rxe1 20.
Rxe1 Rc8 21. Bf5 Rc7 22. g4 Ne7 23. Bd3 Ng6 24. Ne3 Qc6 25. Bxg6 hxg6 26.
Rc1 b5 27. c4 dxc4 28. bxc4 Qxf3 29. cxb5 Rxc1+ 30. Qxc1 axb5 31. Qc3 Ne4
32. Qe1 Nf6 33. Qc3 b4 34. Qc1 b3 35. g5 Ne4 36. Nc4 Qf2+ 37. Kh1 Qf3+ 38.
Kg1 Qg4+ 39. Kf1 Qh3+ 40. Ke2 Qxh2+ 41. Kd3 Nf2+ 42. Kc3 Qg3+ { White
forfeits on time } 0-1

[Event "ICC tourney 2530 (3 2)"]
[Site "Internet Chess Club"]
[Date "2021.04.23"]
[Round "6"]
[White "KANKEYAN, RISHEETH:K09-16597998"]
[Black "CATLIN, CHRISTIAN:K09-17355105"]
[Result "1-0"]
[ICCResult "Black checkmated"]
[WhiteElo "1400"]
[BlackElo "1400"]
[Opening "Scotch: Schmidt variation"]
[ECO "C45"]
[NIC "SO.04"]
[Time "19:30:57"]
[PlyCount "115"]
[TimeControl "180+2"]

1. e4 e5 2. Nf3 Nc6 3. d4 exd4 4. Nxd4 Nf6 5. Nc3 Bc5 6. Be3 d5 7. Nxc6
bxc6 8. Bxc5 dxe4 9. Qxd8+ Kxd8 10. O-O-O+ Nd5 11. Nxd5 cxd5 12. Rxd5+ Ke8
13. Re5+ Kd7 14. Rxe4 Kc6 15. Ba3 Bf5 16. Rc4+ Kb7 17. g3 Rad8 18. Bg2+ Kc8
19. Ra4 Rhe8 20. Rxa7 Re2 21. Ra8+ Kd7 22. Rd1+ Ke6 23. Raxd8 Rxc2+ 24. Kb1
Rxf2+ 25. Ka1 Rxg2 26. Re1+ Kf6 27. Be7+ Kg6 28. Ra8 Be6 29. Ra7 Bf5 30.
Rxc7 Be4 31. a3 Bd5 32. Rc5 Bb3 33. Rg5+ Kh6 34. Rb5 Bc4 35. Rb4 Bd5 36.
Rh4+ Kg6 37. Rd1 Bb3 38. Rd6+ Kf5 39. Rh5+ Kg4 40. Rg5+ Kf3 41. Rd3+ Ke4
42. Rxb3 Rg1+ 43. Ka2 Rg2 44. Rb4+ Ke3 45. Bc5+ Kd3 46. Rxg7 Rxh2 47. Rxf7
Rh3 48. Rf3+ Ke2 49. Rc3 Kd2 50. Rd4+ Ke2 51. Re4+ Kd2 52. Be3+ Ke2 53.
Ba7+ Kd2 54. Rd4+ Ke2 55. Rdd3 Kf1 56. Rd2 Ke1 57. Be3 Rh1 58. Rc1# { Black
checkmated } 1-0

[Event "ICC tourney 2530 (3 2)"]
[Site "Internet Chess Club"]
[Date "2021.04.23"]
[Round "6"]
[White "ANANTHARAMAN, AASHISH:K09-15992442"]
[Black "KUSHALNAGAR, NIRUPAM:K12-17349316"]
[Result "0-1"]
[ICCResult "White checkmated"]
[WhiteElo "1400"]
[BlackElo "1400"]
[Opening "Sicilian: Alapin's variation (2.c3)"]
[ECO "B22"]
[NIC "SI.46"]
[Time "19:31:00"]
[PlyCount "138"]
[TimeControl "180+2"]

1. e4 c5 2. c3 g6 3. d4 d6 4. Nf3 Bg7 5. Be3 cxd4 6. cxd4 Nc6 7. Nc3 Bd7 8.
d5 Ne5 9. Be2 Nxf3+ 10. Bxf3 Nf6 11. Qd2 O-O 12. Bh6 Bg4 13. Bxg7 Kxg7 14.
Bxg4 Nxg4 15. f3 Nf6 16. O-O Qb6+ 17. Qf2 Qxf2+ 18. Rxf2 Rac8 19. Rc1 Nd7
20. Rfc2 a6 21. Na4 Rb8 22. Rc7 Rfd8 23. Kf2 Kf6 24. h4 Ne5 25. R1c3 b5 26.
f4 Nd7 27. e5+ dxe5 28. fxe5+ Nxe5 29. Nc5 Rxd5 30. Ne4+ Kg7 31. Rxe7 Rbd8
32. Ke2 R5d7 33. Rxd7 Rxd7 34. Nc5 Re7 35. Kd1 a5 36. a3 Re8 37. Re3 Rd8+
38. Ke2 Nc4 39. Rd3 Rxd3 40. Kxd3 Nxb2+ 41. Kd4 Nc4 42. Nb7 a4 43. Kc5 Nxa3
44. Kb4 Nc2+ 45. Kc3 Ne3 46. Nd6 Nxg2 47. Nxb5 Nxh4 48. Kd4 Nf5+ 49. Ke4 h5
50. Kf4 f6 51. Kf3 g5 52. Kf2 Kg6 53. Kf3 g4+ 54. Kg2 Kg5 55. Kf2 h4 56.
Kg2 Kf4 57. Nc3 a3 58. Nd5+ Ke4 59. Nc3+ Kf4 60. Nd5+ Kg5 61. Nc3 Ne3+ 62.
Kf2 Nd1+ 63. Nxd1 a2 64. Ne3 a1=Q 65. Nxg4 Kxg4 66. Ke3 h3 67. Kf2 h2 68.
Ke3 h1=Q 69. Kf2 Qf3# { White checkmated } 0-1

[Event "ICC tourney 2530 (3 2)"]
[Site "Internet Chess Club"]
[Date "2021.04.23"]
[Round "6"]
[White "KLEIN, ISAAC:K09-17334355"]
[Black "XINZHE ZHANG, ALEXANDER:K09-16588540"]
[Result "0-1"]
[ICCResult "White checkmated"]
[WhiteElo "1259"]
[BlackElo "1400"]
[Opening "Caro-Kann defense"]
[ECO "B10"]
[NIC "CK.01"]
[Time "19:31:13"]
[PlyCount "134"]
[TimeControl "180+2"]

1. e4 c6 2. Nf3 d5 3. e5 Bf5 4. Bd3 Bg6 5. Bxg6 hxg6 6. Ng5 Rh5 7. h4 e6 8.
Qf3 Qe7 9. g4 Rh8 10. d3 f6 11. exf6 gxf6 12. Nh3 Rxh4 13. g5 fxg5 14. Bxg5
Qd6 15. Bxh4 Nd7 16. Bg3 Qb4+ 17. Nc3 Qxb2 18. O-O Qxc3 19. Ng5 Qf6 20.
Qxf6 Ndxf6 21. Nxe6 Kd7 22. Nxf8+ Rxf8 23. Be5 Ne7 24. Bxf6 Rxf6 25. f3 Nf5
26. Rab1 Kc7 27. Rfe1 Rf8 28. Rf1 Nd4 29. c3 Nxf3+ 30. Kg2 Nd2 31. Rxf8
Nxb1 32. Rf6 Nxc3 33. Rxg6 Nxa2 34. Kf3 Nc1 35. Rg7+ Kb6 36. Ke3 a5 37. Rg1
Nb3 38. Rb1 a4 39. d4 Kb5 40. Kd3 Kb4 41. Kc2 Ka3 42. Kc3 b5 43. Rd1 b4+
44. Kd3 Ka2 45. Re1 Kb2 46. Re2+ Kb1 47. Rc2 Nc1+ 48. Kd2 Nb3+ 49. Kd1 a3
50. Rxc6 a2 51. Rd6 a1=Q 52. Rxd5 Qb2 53. Ke1 Qd2+ 54. Kf1 Nxd4 55. Ra5 Kb2
56. Rd5 b3 57. Re5 Kc3 58. Re1 Qxe1+ 59. Kxe1 b2 60. Kf2 b1=Q 61. Kg3 Qf5
62. Kg2 Kd3 63. Kg3 Ke3 64. Kg2 Qf3+ 65. Kh2 Qg4 66. Kh1 Kf2 67. Kh2 Qg2# {
White checkmated } 0-1

[Event "ICC tourney 2530 (3 2)"]
[Site "Internet Chess Club"]
[Date "2021.04.23"]
[Round "6"]
[White "MUTHUKUMARAN, ARJUN:K09-30018527"]
[Black "YUMA GRENDA, LUCAS:K12-30158654"]
[Result "1-0"]
[ICCResult "Black checkmated"]
[WhiteElo "1400"]
[BlackElo "1433"]
[Opening "Modern defense"]
[ECO "A40"]
[NIC "QO.17"]
[Time "19:31:34"]
[PlyCount "121"]
[TimeControl "180+2"]

1. d4 g6 2. Bf4 Bg7 3. e3 d6 4. c3 e5 5. Bg3 Bf5 6. Nd2 Nd7 7. Be2 Qe7 8.
e4 exd4 9. cxd4 Bxe4 10. Ngf3 Bc6 11. O-O O-O-O 12. a4 a6 13. b4 d5 14. b5
axb5 15. axb5 Bxb5 16. Bxb5 Qb4 17. Bxd7+ Kxd7 18. Qa4+ Qxa4 19. Rxa4 Ne7
20. Ne5+ Ke8 21. Rc1 c6 22. Ndf3 f6 23. Ng4 Kf7 24. Ra7 Rd7 25. Rb1 Nf5 26.
Rbxb7 Rxb7 27. Rxb7+ Ne7 28. Bd6 Re8 29. Kf1 Ke6 30. Bg3 Nf5 31. Ke2 Bf8
32. Ne3 Nxg3+ 33. hxg3 Kd6 34. Rxh7 c5 35. dxc5+ Kxc5 36. Rc7+ Kd6 37. Rc1
g5 38. Rd1 f5 39. Rxd5+ Ke6 40. Rxf5 g4 41. Re5+ Kd7 42. Rxe8 gxf3+ 43.
gxf3 Kxe8 44. f4 Kf7 45. g4 Kf6 46. Kf3 Be7 47. Nd5+ Ke6 48. Nxe7 Kxe7 49.
Ke4 Kf6 50. g5+ Kg6 51. f5+ Kxg5 52. Ke5 Kh6 53. f6 Kh7 54. Ke6 Kh6 55. f7
Kh5 56. f8=Q Kg4 57. Qf5+ Kh4 58. Qf4+ Kh5 59. Qg3 Kh6 60. Kf6 Kh7 61. Qg7#
{ Black checkmated } 1-0

[Event "ICC tourney 2530 (3 2)"]
[Site "Internet Chess Club"]
[Date "2021.04.23"]
[Round "6"]
[White "MALLADI, SADKRITH:K09-15797710"]
[Black "SATISH UPPATHIL, ADITHYA:K09-30062860"]
[Result "1-0"]
[ICCResult "Black resigns"]
[WhiteElo "1400"]
[BlackElo "1400"]
[Opening "Scotch: Potter variation"]
[ECO "C45"]
[NIC "SO.05"]
[Time "19:31:49"]
[PlyCount "179"]
[TimeControl "180+2"]

1. e4 e5 2. Nf3 Nc6 3. d4 exd4 4. Nxd4 Bc5 5. Nb3 Bb6 6. Nc3 Nf6 7. Qe2 Qe7
8. f3 O-O 9. Be3 Re8 10. O-O-O Bxe3+ 11. Qxe3 d6 12. g4 Be6 13. h4 Bxb3 14.
axb3 a5 15. Bb5 Reb8 16. h5 h6 17. g5 hxg5 18. h6 g6 19. Qxg5 Ne5 20. Be2
Nd5 21. Qg3 Nf6 22. f4 Nc6 23. Bf3 Kh7 24. f5 Qe5 25. fxg6+ fxg6 26. Qh4
Nd4 27. Bg2 Rf8 28. Rhf1 g5 29. Qh1 Ng4 30. Rxf8 Rxf8 31. Qg1 Nxh6 32. Qxd4
Qf4+ 33. Qd2 Qg4 34. Rf1 Rf4 35. Rxf4 gxf4 36. Qe2 Qg3 37. Qf3 Qe1+ 38. Nd1
Qh4 39. Qh3 Qg5 40. Qd7+ Kg6 41. Bf3 Qg3 42. Qe6+ Kg5 43. Be2 f3 44. Qd5+
Kh4 45. Bf1 Qf4+ 46. Qd2 Qf6 47. Qh2+ Kg5 48. Qg3+ Kh5 49. Bh3 c6 50. Nf2
b5 51. Bg4+ Nxg4 52. Qxg4+ Kh6 53. Qh3+ Kg7 54. Qg4+ Kf7 55. Kd2 Qxb2 56.
Qxf3+ Ke7 57. Qc3 Qb1 58. Qxc6 Qf1 59. Nd3 Qg2+ 60. Kc3 b4+ 61. Kb2 Qg7+
62. e5 dxe5 63. Qc7+ Kf6 64. Qxg7+ Kxg7 65. Nxe5 Kf6 66. Nc6 Ke6 67. Nxa5
Kd5 68. Nc4 Kc5 69. Nd2 Kb5 70. Ne4 Kb6 71. Nd2 Kb5 72. Kc1 Kc5 73. Kd1 Kb5
74. Ke2 Kc5 75. Kd3 Kd5 76. Nf3 Kc5 77. Ke4 Kb5 78. Kd5 Kb6 79. Kc4 Ka5 80.
Kc5 Ka6 81. Kxb4 Kb6 82. c4 Kb7 83. Kb5 Kc8 84. c5 Kb8 85. c6 Kc8 86. Kb6
Kb8 87. c7+ Kc8 88. Ne1 Kd7 89. Kb7 Ke6 90. c8=Q+ { Black resigns } 1-0

[Event "ICC tourney 2530 (3 2)"]
[Site "Internet Chess Club"]
[Date "2021.04.23"]
[Round "6"]
[White "PARK, EVAN:K09-15748464"]
[Black "B LANCMAN, KYLE:K12-15146021"]
[Result "1/2-1/2"]
[ICCResult "Black stalemated"]
[WhiteElo "1400"]
[BlackElo "1400"]
[Opening "Sicilian: accelerated fianchetto, Maróczy bind"]
[ECO "B36"]
[NIC "SI.33"]
[Time "19:31:49"]
[PlyCount "191"]
[TimeControl "180+2"]

1. e4 c5 2. Nf3 g6 3. d4 cxd4 4. Nxd4 Nc6 5. c4 Nf6 6. Nc3 d6 7. Be2 Nxd4
8. Qxd4 Bg7 9. Be3 O-O 10. Qd2 Be6 11. O-O Qa5 12. f4 Rfc8 13. b3 Ng4 14.
Bd4 Bxd4+ 15. Qxd4 Qc5 16. Qxc5 Rxc5 17. f5 gxf5 18. exf5 Rxf5 19. Bf3 Rb8
20. Nb5 Ne5 21. Nxa7 Nxf3+ 22. Rxf3 Rxf3 23. gxf3 Bd7 24. a4 d5 25. Rd1 e6
26. cxd5 exd5 27. Rxd5 Bc6 28. Nxc6 bxc6 29. Rd3 Kf8 30. Kf2 Ke7 31. Ke3
Rb4 32. Kd2 Rh4 33. Re3+ Kd6 34. Re2 Kc5 35. Kc3 f6 36. Ra2 Rf4 37. Rf2 h5
38. Rf1 Rh4 39. Rf2 Rf4 40. Kb2 Kb4 41. Rc2 c5 42. Rf2 c4 43. bxc4 Rxc4 44.
Re2 Kxa4 45. Re8 Rh4 46. Rf8 Rxh2+ 47. Kc3 Kb5 48. Rxf6 Kc5 49. Rf5+ Kd6
50. Kd4 Ke6 51. Ra5 Rh4+ 52. Ke3 Rh1 53. Kf4 h4 54. Ra6+ Kf7 55. Kg4 h3 56.
Kg3 Kg7 57. Ra2 Kf6 58. Rh2 Rxh2 59. Kxh2 Kf5 60. Kxh3 Kf4 61. Kg2 Kf5 62.
Kf2 Kf4 63. Ke2 Kf5 64. Ke3 Ke5 65. f4+ Kf5 66. Kf3 Kf6 67. Kg3 Kf5 68. Kf3
Kf6 69. Kg4 Kg6 70. Kg3 Kf5 71. Kf3 Kf6 72. Ke3 Kf5 73. Kf3 Kf6 74. Ke4 Ke6
75. f5+ Kf6 76. Kf4 Kf7 77. Kg4 Kf6 78. Kf4 Kf7 79. Ke4 Kf6 80. Kf4 Kf7 81.
Ke5 Ke7 82. f6+ Kf7 83. Kf5 Kf8 84. Kg5 Kf7 85. Kf5 Kf8 86. Ke5 Kf7 87. Kf5
Kf8 88. Kg6 Kg8 89. Kg5 Kf7 90. Kf5 Kf8 91. Ke6 Ke8 92. Ke5 Kf7 93. Kf5 Kf8
94. Kg6 Kg8 95. f7+ Kf8 96. Kf6 { Black stalemated } 1/2-1/2

[Event "ICC tourney 2530 (3 2)"]
[Site "Internet Chess Club"]
[Date "2021.04.23"]
[Round "6"]
[White "SILVA, JAVIER:K09-16089208"]
[Black "HUNG, DANIEL:K12-14504425"]
[Result "0-1"]
[ICCResult "White resigns"]
[WhiteElo "1400"]
[BlackElo "1400"]
[Opening "French: exchange variation"]
[ECO "C01"]
[NIC "FR.01"]
[Time "19:30:55"]
[PlyCount "220"]
[TimeControl "180+2"]

1. e4 e6 2. d4 d5 3. exd5 exd5 4. Nf3 Bd6 5. Bd3 Ne7 6. O-O Nbc6 7. c3 O-O
8. Re1 Bg4 9. h3 Bh5 10. Bg5 f6 11. Bh4 Bg6 12. Bxg6 Nxg6 13. Nbd2 Nxh4 14.
Nxh4 f5 15. Qh5 Qf6 16. Ndf3 Bf4 17. Ne5 Nxe5 18. dxe5 Bxe5 19. Nf3 Bd6 20.
Nd4 g6 21. Qf3 Qf7 22. Ne6 Rfe8 23. Qxd5 Re7 24. Re2 Rae8 25. Rae1 h6 26.
Qb3 Kh8 27. Nd4 Rxe2 28. Rxe2 Rxe2 29. Nxe2 Qxb3 30. axb3 Kg7 31. Kf1 Kf6
32. Ke1 Ke5 33. Kd2 Bc5 34. f3 f4 35. Kd3 Be3 36. Nd4 a6 37. Nc2 Bc1 38.
Na3 b5 39. Kc2 Be3 40. Kd3 Kf5 41. c4 c6 42. cxb5 axb5 43. Nc2 Bc1 44. Nd4+
Kg5 45. Nxc6 Bxb2 46. Nd4 Bxd4 47. Kxd4 Kh4 48. Kc5 Kg3 49. Kxb5 Kxg2 50.
Kc5 Kxf3 51. b4 Kg2 52. b5 f3 53. b6 f2 54. b7 f1=Q 55. b8=Q Qc1+ 56. Kd5
Qg5+ 57. Kd4 Qh4+ 58. Kc5 Kxh3 59. Qb3+ Qg3 60. Qe6+ Kh4 61. Kb6 Kh5 62.
Qe2+ Qg4 63. Qh2+ Kg5 64. Qe5+ Qf5 65. Qg3+ Kf6 66. Qc3+ Kf7 67. Qc7+ Kf6
68. Qc3+ Qe5 69. Qf3+ Ke6 70. Qh3+ Kf7 71. Qxh6 g5 72. Qh5+ Kg7 73. Qg4 Kf6
74. Qf3+ Qf5 75. Qc3+ Kg6 76. Kb7 g4 77. Qc6+ Kg5 78. Qc1+ Qf4 79. Qc5+ Kh4
80. Qe7+ Kg3 81. Qe1+ Kh2 82. Qh4+ Kg2 83. Kc8 Qf5+ 84. Kd8 g3 85. Qd4 Qf2
86. Qd5+ Kg1 87. Qd1+ Qf1 88. Qd4+ Kh1 89. Qh4+ Kg2 90. Qe4+ Qf3 91. Qc2+
Kh3 92. Qh7+ Kg4 93. Qg6+ Kh4 94. Qh6+ Qh5 95. Qf4+ Kh3 96. Qe3 Kh2 97. Qf4
Kh3 98. Qe3 Qh4+ 99. Ke8 Kh2 100. Qe5 Kh1 101. Qe1+ Kg2 102. Qe2+ Kh3 103.
Qe6+ Qg4 104. Qh6+ Kg2 105. Qd2+ Kf3 106. Qd3+ Kf4 107. Qd4+ Kg5 108. Qe5+
Kh4 109. Qh8+ Qh5+ 110. Qxh5+ Kxh5 { White resigns } 0-1

[Event "ICC tourney 2530 (3 2)"]
[Site "Internet Chess Club"]
[Date "2021.04.23"]
[Round "7"]
[White "JOHN KIM, ANDREW:K09-16142364"]
[Black "VIBHAV BONDALAPATI, SRI:K09-16633657"]
[Result "0-1"]
[ICCResult "White checkmated"]
[WhiteElo "1400"]
[BlackElo "1400"]
[Opening "Sicilian: Labourdonnais-Löwenthal variation"]
[ECO "B32"]
[NIC "SI.32"]
[Time "19:47:05"]
[PlyCount "68"]
[TimeControl "180+2"]

1. e4 c5 2. Nf3 Nc6 3. d4 cxd4 4. Nxd4 e5 5. Nxc6 bxc6 6. Nc3 Nf6 7. Bc4
Bb4 8. O-O Bxc3 9. bxc3 O-O 10. f3 d5 11. exd5 cxd5 12. Bb5 Rb8 13. Rb1 a6
14. Ba3 axb5 15. Bxf8 Qxf8 16. Re1 Qc5+ 17. Kh1 Qxc3 18. Rxe5 Qxe5 19. Qe1
Qxe1+ 20. Rxe1 Be6 21. c3 Rc8 22. Rc1 b4 23. Rb1 bxc3 24. Rc1 d4 25. a3 d3
26. a4 d2 27. Rd1 Bb3 28. h4 Bxd1 29. Kh2 Bxf3 30. gxf3 d1=Q 31. f4 c2 32.
h5 Rc3 33. h6 Qd2+ 34. Kh1 c1=Q# { White checkmated } 0-1

[Event "ICC tourney 2530 (3 2)"]
[Site "Internet Chess Club"]
[Date "2021.04.23"]
[Round "7"]
[White "SATISH UPPATHIL, ADITHYA:K09-30062860"]
[Black "MERCADO, PATRICIO:K09-16368776"]
[Result "1-0"]
[ICCResult "Black checkmated"]
[WhiteElo "1400"]
[BlackElo "1400"]
[Opening "Caro-Kann: Tartakower (fantasy) variation"]
[ECO "B12"]
[NIC "CK.02"]
[Time "19:47:13"]
[PlyCount "51"]
[TimeControl "180+2"]

1. e4 c6 2. d4 d5 3. f3 dxe4 4. fxe4 Nf6 5. Nc3 Bg4 6. Be2 Bxe2 7. Ngxe2 e6
8. Bg5 Bb4 9. e5 h6 10. exf6 hxg5 11. fxg7 Rg8 12. a3 Bxc3+ 13. bxc3 Qf6
14. Rf1 Qxg7 15. Ng3 Qg6 16. Qe2 Nd7 17. Nf5 Qh7 18. Nd6+ Ke7 19. Rxf7+
Qxf7 20. Nxf7 Kxf7 21. O-O-O Ke7 22. Re1 Rg6 23. Qh5 Rag8 24. Qg4 Nf6 25.
Qxe6+ Kf8 26. Qe7# { Black checkmated } 1-0

[Event "ICC tourney 2530 (3 2)"]
[Site "Internet Chess Club"]
[Date "2021.04.23"]
[Round "7"]
[White "S JANIS, MAXTON:K09-30158505"]
[Black "AUGUST QUESTER BOYDEN, HUGO:K09-30161202"]
[Result "1-0"]
[ICCResult "Black checkmated"]
[WhiteElo "1009"]
[BlackElo "1400"]
[Opening "Two knights defense"]
[ECO "C57"]
[NIC "KP.01"]
[Time "19:47:25"]
[PlyCount "73"]
[TimeControl "180+2"]

1. e4 e5 2. Bc4 Nf6 3. Nf3 Nc6 4. Ng5 d5 5. exd5 Nxd5 6. Qf3 Qxg5 7. Bxd5
Be6 8. Bxe6 fxe6 9. Qb3 O-O-O 10. d4 exd4 11. Bxg5 Re8 12. O-O h6 13. Bf4
g5 14. Bg3 e5 15. Na3 h5 16. h4 gxh4 17. Bxh4 Be7 18. Bxe7 Rxe7 19. Qf3 h4
20. g3 h3 21. Kh2 e4 22. Qf6 e3 23. fxe3 dxe3 24. Qxh8+ Nd8 25. Rfd1 Rd7
26. Rxd7 Kxd7 27. Qd4+ Kc8 28. Qxe3 Kb8 29. g4 a6 30. g5 Nf7 31. g6 Nd8 32.
g7 Nf7 33. g8=Q+ Nd8 34. Qee8 b6 35. Qxd8+ Kb7 36. Qgd5+ Ka7 37. Qxc7# {
Black checkmated } 1-0

[Event "ICC tourney 2530 (3 2)"]
[Site "Internet Chess Club"]
[Date "2021.04.23"]
[Round "7"]
[White "BASTIANI FONCK, CLAUDIO:K12-16874166"]
[Black "PEREZ MEZA, RODRIGO:K09-30127782"]
[Result "0-1"]
[ICCResult "White checkmated"]
[WhiteElo "1400"]
[BlackElo "1400"]
[Opening "Caro-Kann defense"]
[ECO "B10"]
[NIC "CK.01"]
[Time "19:48:39"]
[PlyCount "42"]
[TimeControl "180+2"]

1. e4 c6 2. Nf3 d5 3. exd5 cxd5 4. d4 Nf6 5. Nc3 Nc6 6. Be2 Bf5 7. Be3 e6
8. Bd3 Bxd3 9. Qxd3 Bd6 10. a3 O-O 11. O-O Re8 12. Rfe1 e5 13. dxe5 Nxe5
14. Nxe5 Bxe5 15. Bd4 Bxd4 16. Rxe8+ Qxe8 17. Qxd4 Qd7 18. Rd1 Re8 19. Nxd5
Nxd5 20. Qxd5 Qxd5 21. Rxd5 Re1# { White checkmated } 0-1

[Event "ICC tourney 2530 (3 2)"]
[Site "Internet Chess Club"]
[Date "2021.04.23"]
[Round "7"]
[White "LI, AUSTIN:K09-16606238"]
[Black "DARILEK, MILES:K09-30135218"]
[Result "1-0"]
[ICCResult "Black checkmated"]
[WhiteElo "1400"]
[BlackElo "1400"]
[Opening "Sicilian: Nimzovich-Rubinstein variation"]
[ECO "B29"]
[NIC "SI.43"]
[Time "19:47:04"]
[PlyCount "39"]
[TimeControl "180+2"]

1. e4 c5 2. Nf3 Nf6 3. Nc3 g6 4. d4 cxd4 5. Nxd4 Bg7 6. Be3 O-O 7. f3 b6 8.
Qd2 d5 9. O-O-O dxe4 10. Nxe4 Nd5 11. Nb3 Nc6 12. Qxd5 Qxd5 13. Rxd5 Nb8
14. Bb5 Ba6 15. Bxa6 Nxa6 16. Rhd1 Rad8 17. Rxd8 Rxd8 18. Rxd8+ Bf8 19. Bh6
f6 20. Rxf8# { Black checkmated } 1-0